AoeStats
← FC_M@sTer

MegaRandom

508788058Analyzed
3v3 RM · 10d ago on Sep 24, 2026· 25m 43s· 6 players
Game mode
Random Map
Map size
Normal (6 player)
Population
200
Speed
Normal
Resources
Standard
Victory
Conquest
Starting age
Dark Age
Ending age
Imperial Age
RankedLock teamsTeams togetherTeam positionsShared explorationLock speedFull tech treeHidden civsTurbo modeCheats
Victory
Defeat
🇨🇴 Persians · Colombia
1347
+8
1284
+10
🇨🇴 Vikings · Colombia
891
+26
🇺🇸 Franks · United States
1153
-15
🇲🇽 Italians · Mexico
1144
-14
🇵🇪 Huns · Peru
1144
-15
dLevantine
0:30 Loom
9:58 Feudal Age
10:37 Double-Bit Axe
11:08 Gold Mining
12:21 Horse Collar
20:54 Castle Age
19:06 Stone Mining
20:45 Wheelbarrow
22:23 Stone Shaft Mining
21:41 Fletching
21:59 Thumb Ring
23:28 Bow Saw
24:10 Padded Archer Armor
24:48 Bodkin Arrow
Bandido
12:12 Feudal Age
11:09 Loom
21:42 Wheelbarrow
22:47 Scale Mail Armor
26:14 Castle Age
24:19 Gold Mining
24:18 Double-Bit Axe
Jersey_TitanX
0:34 Loom
11:45 Feudal Age
12:33 Double-Bit Axe
26:09 Castle Age
FC_M@sTer
0:37 Loom
9:49 Feudal Age
10:12 Double-Bit Axe
18:22 Horse Collar
22:09 Castle Age
20:35 Gold Mining
21:51 Bloodlines
24:46 Scale Barding Armor
25:22 Forging
FC_Satuplese
8:54 Loom
11:35 Feudal Age
12:00 Double-Bit Axe
18:46 Town Watch
22:50 Castle Age
22:16 Horse Collar
22:36 Gold Mining
23:01 Fletching
23:44 Padded Archer Armor
23:28 Crossbowman
24:50 Medium Warships
24:58 Leather Archer Armor
26:12 Squires
FC_Proyecto_El_Conquistador_X
7:02 Loom
10:24 Feudal Age
13:49 Fletching
17:45 Horse Collar
17:52 Double-Bit Axe
24:37 Castle Age
23:29 Padded Archer Armor
23:42 Gold Mining
25:07 Scale Barding Armor
25:13 Forging
24:43 Crossbowman
25:27 Bodkin Arrow
Connection lost

Rejoining the realm…

Still unreachable

The connection could not be restored.

Session expired

The server has moved on; the page needs a fresh start.